 Dungeon Crawl Stone Soup version 0.30-b1-2-g02819fbbbe (webtiles) character file.

Game seed: 8870697579691586537

3516 asdfasdf the Cleaver (level 10, 0/88 HPs)
             Began as a Hill Orc Fighter on May 3, 2023.
             Succumbed to a water moccasin's poison
             ... on level 8 of the Dungeon.
             The game lasted 00:15:45 (6844 turns).

asdfasdf the Cleaver (Hill Orc Fighter)             Turns: 6844, Time: 00:15:46

Health: 0/88       AC: 17    Str: 20      XL:     10   Next: 8%
Magic:  4/10       EV:  9    Int:  6 (8)  God:
Gold:   355        SH:  5    Dex: 14      Spells: 9/9 levels left

rFire   . . .        q - +2 hand axe (heavy)
rCold   . . .        c - +0 buckler
rNeg    . . .        i - +0 chain mail
rPois   .            k - +1 hat {Will+}
rElec   .            n - +2 cloak
rCorr   .            g - +0 pair of gloves
SInv    +            e - +0 pair of boots
Will    +....        d - amulet of guardian spirit Stlth
                     r - ring of see invisible
HPRegen 0.34/turn    (no ring)
MPRegen 0.12/turn

%: guardian spirit
@: lethally poisoned (0 -> -19), weakened, studying Conjurations
A: no striking features
a: no special abilities


You were on level 8 of the Dungeon.
You visited 1 branch of the dungeon, and saw 8 of its levels.

You collected 355 gold pieces.

Inventory:

Hand Weapons
 a - a +1 war axe of protection
 q - a +2 heavy hand axe (weapon)
Missiles
 m - 2 throwing nets (quivered)
Armour
 c - a +0 buckler (worn)
 e - a +0 pair of boots (worn)
 g - a +0 pair of gloves (worn)
 i - a +0 chain mail (worn)
 k - a +1 hat of willpower (worn)
 n - a +2 cloak (worn)
Jewellery
 b - a ring of fire
 d - an amulet of guardian spirit (around neck)
 j - an amulet of the acrobat
 r - a ring of see invisible (left hand)
 t - a ring of flight
 C - a ring of see invisible
Wands
 l - a wand of mindburst (23)
 u - a wand of polymorph (6)
 w - a wand of flame (20)
 A - a wand of iceblast (8)
Scrolls
 h - 6 scrolls of identify
 o - 2 scrolls of fog
 p - a scroll of enchant armour
 s - a scroll of magic mapping
 v - a scroll of amnesia
 D - 2 scrolls of teleportation
Potions
 f - 3 potions of cancellation
 x - 3 potions of flight
 z - a potion of magic
 E - 2 potions of curing


   Skills:
 + Level 8.0 Fighting
 + Level 11.8 Axes
 + Level 7.8 Armour
 + Level 2.8 Dodging
 + Level 0.8 Stealth
 + Level 6.5 Shields


You had 9 spell levels left.
You didn't know any spells.
Your spell library contained the following spells:

 Spells                   Type           Power      Damage    Failure   Level
 Slow                     Hex            0%         N/A       98%         1
 Lesser Beckoning         Tloc           0%         N/A       99%         2
 Confusing Touch          Hex            0%         N/A       100%        3
 Gell's Gravitas          Tloc           0%         N/A       100%        3
 Teleport Other           Tloc           0%         N/A       100%        3
 Vampiric Draining        Necr           0%         2d6       100%        3
 Petrify                  Tmut/Erth      0%         N/A       100%        4
 Metabolic Englaciation   Hex/Ice        0%         N/A       100%        5
 Summon Forest            Summ/Tloc      0%         N/A       100%        5
 Summon Mana Viper        Hex/Summ       0%         N/A       100%        5
 Statue Form              Tmut/Erth      0%         N/A       100%        6
 Summon Cactus Giant      Summ           0%         N/A       100%        6


Dungeon Overview and Level Annotations

Branches:
Dungeon (8/15)             Temple (0/1) D:5            Lair (0/5) D:8

Altars:
Beogh

Shops:
D:1 *


Message History

The gnoll bouda is severely wounded.
You barely miss the water moccasin. You hit the water moccasin.
* * * LOW HITPOINT WARNING * * *
You feel extremely sick. The water moccasin misses you.
The water moccasin barely misses you. You block the gnoll bouda's attack.
The water moccasin barely misses you.
You hit the gnoll bouda.
The gnoll bouda is severely wounded.
You hit the water moccasin but do no damage.
You slash the water moccasin!
You kill the water moccasin!
* * * LOW HITPOINT WARNING * * *
You feel very sick.
A bullfrog comes into view.
The gnoll bouda gazes fiercely through you!
You feel your attacks grow feeble. You block the gnoll bouda's attack.
The water moccasin bites you but does no damage.
You feel your dexterity returning.
Your Fighting skill increases to level 8!
The bullfrog gives a loud, deep croak!
You slash the gnoll bouda!
You kill the gnoll bouda!
You completely miss the water moccasin.
* * * LOW HITPOINT WARNING * * *
You feel very sick. The water moccasin bites you!
* * * LOW HITPOINT WARNING * * *
The water moccasin bites you.
* * * LOW HITPOINT WARNING * * *
You are more poisoned.
The water moccasin poisons you!
You barely miss the water moccasin.
The water moccasin is almost dead.
* * * LOW HITPOINT WARNING * * *
You feel very sick.
The water moccasin completely misses you.
You hit the water moccasin.
The water moccasin is almost dead.
You die...

..................***,,,,,,,,,,,,
................#***.P..S,,,,,,,,
...............#* *#.SP.P,,,,,,,,
#####.........#* *#....PP,,,,,,,,
######....# *..P...P,,,,,,,,
#.#..## *.P.P..P,,,,,,,,
**#.##..##*..PPPP.,,>,,,,,
*,..###>.##....PPP,,,,,,,,
***.### ##.@)...P.)P,,,,,,,,
****,..** #†S##.PPPP.,,,,,,,,
*,,,..,,* ##..#*..PPP,,,,,,,,
*,,...,,* ***##.F#,..P.,,,,,,,,
***+++*****,,**#..#,.SP,,,,,,,,
*,,,,,,,**,,,,,*#.#,,..,,,,,,,,
*,,,,,,,*,,,,,**,..*,,.,,,,,,,*
*,,,,,,,**,,,,,,,,..**,,,,,,,,*
*,,,,,8,*****,,,,,,,,*,,,,,,***


You could see a water moccasin and a bullfrog.

Vanquished Creatures
  The ghost of kthxbai the Conjurer, a novice TeAE (D:5)
  An unseen horror (D:7)
  Prince Ribbit (D:6)
  The ghost of kthxbai the Gusty, an amateur TeAE (D:4)
  A yak (D:8)
  2 water moccasins (D:8)
  An ice beast (D:8)
  2 black bears
  2 centaurs (D:6)
  A phantom (D:5)
  Blork the orc (D:6)
  2 kobold brigands
  2 bullfrogs (D:8)
  2 scorpions (D:5)
  A killer bee (D:7)
  A howler monkey (D:6)
  A quasit (D:4)
  A jelly (D:6)
  7 hounds
  A gnoll bouda (D:8)
  6 orc priests
  5 iguanas
  2 sleepcaps
  6 orc wizards
  4 gnolls (D:2)
  9 adders
  2 white imps
  2 ufetubi (D:4)
  3 worms
  7 dart slugs
  26 orcs
  8 endoplasms
  5 giant cockroaches
  5 goblins
  9 hobgoblins
  2 jackals (D:2)
  5 quokkas
  7 ball pythons
  3 bats
  2 frilled lizards
  11 kobolds
  5 rats
166 creatures vanquished.

Vanquished Creatures (others)
  The ghost of kthxbai the Trooper, a novice VSFi of Gozag (D:5)
  An orc wizard (D:3)
  2 demonic plants (D:4)
  20 fungi (D:8)
  16 plants (D:8)
40 creatures vanquished.

Grand Total: 206 creatures vanquished

Notes
Turn   | Place    | Note
-------+----------+-------------------------------------------
     0 | D:1      | asdfasdf the Hill Orc Fighter began the quest for the Orb.
     0 | D:1      | Reached XP level 1. HP: 19/19 MP: 1/1
     5 | D:1      | Noticed a seven-headed hydra
     7 | D:1      | Noticed an anaconda
    78 | D:1      | Reached XP level 2. HP: 18/27 MP: 2/2
    79 | D:1      | Found Kudaefag's Assorted Antiques.
   137 | D:1      | Reached skill level 3 in Axes
   406 | D:1      | Found a roughly hewn altar of Beogh.
   423 | D:1      | Reached XP level 3. HP: 33/33 MP: 3/3
   443 | D:1      | Found a faded altar of an unknown god.
  1212 | D:2      | Reached skill level 4 in Axes
  1212 | D:2      | Reached XP level 4. HP: 40/40 MP: 4/4
  1599 | D:2      | Reached XP level 5. HP: 16/46 MP: 5/5
  1604 | D:2      | Reached skill level 5 in Axes
  2421 | D:3      | Reached XP level 6. HP: 51/55 MP: 6/6
  2700 | D:3      | Reached skill level 6 in Axes
  2713 | D:3      | Reached skill level 5 in Fighting
  2740 | D:3      | HP: 2/56 [orc wizard/magic dart (4)]
  3248 | D:4      | Reached XP level 7. HP: 38/61 MP: 2/7
  3433 | D:4      | Found a runed translucent gate.
  3433 | D:4      | Found a runed translucent gate.
  3433 | D:4      | Found a runed translucent gate.
  3446 | D:4      | Noticed kthxbai's ghost (amateur TeAE)
  3501 | D:4      | Reached skill level 7 in Axes
  3883 | D:4      | HP: 2/61 [kthxbai's ghost (16)]
  3884 | D:4      | Killed kthxbai's ghost
  3885 | D:4      | Reached skill level 1 in Dodging
  4102 | D:5      | Entered Level 5 of the Dungeon
  4118 | D:5      | Reached skill level 8 in Axes
  4168 | D:5      | Found a staircase to the Ecumenical Temple.
  4283 | D:5      | Reached XP level 8. HP: 68/70 MP: 8/8
  4567 | D:5      | Reached skill level 5 in Armour
  4674 | D:5      | Reached skill level 9 in Axes
  4708 | D:5      | Found a runed translucent gate.
  4709 | D:5      | Found a runed translucent gate.
  4711 | D:5      | Found a runed translucent gate.
  4717 | D:5      | Noticed kthxbai's ghost (novice VSFi)
  4717 | D:5      | Noticed kthxbai's ghost (novice TeAE)
  4731 | D:5      | Killed kthxbai's ghost
  4745 | D:5      | Killed kthxbai's ghost
  4746 | D:5      | Reached skill level 10 in Axes
  4746 | D:5      | Reached skill level 5 in Shields
  5360 | D:6      | Noticed Prince Ribbit
  5392 | D:6      | Killed Prince Ribbit
  5393 | D:6      | Reached XP level 9. HP: 66/78 MP: 6/9
  5672 | D:6      | Reached skill level 11 in Axes
  5968 | D:6      | Noticed Blork the orc
  5978 | D:6      | Killed Blork the orc
  6334 | D:7      | Noticed an unseen horror
  6342 | D:7      | Killed an unseen horror
  6833 | D:8      | Reached XP level 10. HP: 67/88 MP: 10/10
  6844 | D:8      | Succumbed to a water moccasin's poison

Illustrated notes

Levels and vault maps discovered:
D:1:      sevenhm_arrival_forest_fort_small_2, layout_basic,
          hellmonk_ecumenical_altar_defaced_shrine, serial_shops, shop
D:2:      layout_loops_corners, kennysheep_path_1
D:3:      layout_basic
D:4:      layout_basic, gammafunk_ghost_split, serial_demonic, serial_demonic_e,
          serial_demonic_a, serial_demonic_a, serial_demonic_f
D:5:      layout_basic, minmay_temple_entry_nine_rooms,
          gammafunk_ghost_cemetery, kennysheep_generic_room_6
D:6:      layout_basic, uniq_prince_ribbit1, uniq_blork_the_orc
D:7:      layout_gridville, minmay_manual_monolith
D:8:      layout_cave_pods, marbit_many_paths, due_lair_maze_entry_diamond,
          ebering_ghost_rock_garden, hangedman_decor_lopped, st_stairs_12

Skill      XL: |  1  2  3  4  5  6  7  8  9 10 |
---------------+-------------------------------+-----
Axes           | 3 4 5 6 8 10 11 | 11.8
Fighting       | 4 5 6 7 8 |  8.0
Armour         | 4 6 7 |  7.8
Shields        | 4 5 6 |  6.5
Dodging        | 1 2 |  2.8
Stealth        | |  0.8

Action                     |  1- 3 |  4- 6 |  7- 9 | 10-12 || total
---------------------------+-------+-------+-------+-------++-------
  Melee: War axe           |    68 |   190 |   103 |       ||   361
         Hand axe          |       |       |   184 |    12 ||   196
    Use: Scroll            |     1 |       |    10 |       ||    11
         Potion            |       |     1 |     7 |       ||     8
 Armour: Scale mail        |    20 |       |       |       ||    20
         Chain mail        |    19 |   122 |   252 |    12 ||   405
  Dodge: Dodged            |    27 |    72 |   117 |     7 ||   223
  Block: Buckler           |    15 |    37 |    85 |     6 ||   143
